 Dungeon Crawl Stone Soup version 0.29.1-13-g9f3cf754e1 (webtiles) character file.

Game seed: 14644132168888341402

85 tizbic2 the Caller (level 4, -1/42 HPs)
             Began as an Ogre Summoner on Feb 7, 2023.
             Splashed by a jelly's acid (8 damage)
             ... on level 3 of the Dungeon on Feb 8, 2023.
             The game lasted 00:07:48 (2189 turns).

tizbic2 the Caller (Ogre Summoner)                  Turns: 2189, Time: 00:07:49

Health: -1/42      AC: -5    Str: 12    XL:     4   Next: 48%
Magic:  5/8        EV: 10    Int: 18    God:
Gold:   106        SH:  0    Dex: 15    Spells: 1/9 levels left

rFire   . . .      SeeInvis .   k - +0 flail
rCold   . . .      Faith    .   (no shield)
rNeg    . . .      Spirit   .   a - +0 robe
rPois   .          Reflect  .   (helmet restricted)
rElec   .          Harm     .   (no cloak)
rCorr   .          Rampage  .   (gloves unavailable)
Will    .....                   (boots unavailable)
Stlth   ++........              (no amulet)
HPRegen 0.14/turn               o - +6 ring of dexterity
MPRegen 0.11/turn               (no ring)

@: corroded, attractive, very slightly contaminated
A: large, unfitting armour, tough skin 1
a: no special abilities


You were on level 3 of the Dungeon.
You visited 1 branch of the dungeon, and saw 3 of its levels.

You collected 106 gold pieces.

Inventory:

Hand Weapons
 g - a +0 club
 i - a +0 hand axe
 k - a +0 flail (weapon)
Missiles
 c - 6 javelins
Armour
 a - a +0 robe (worn)
Jewellery
 o - a +6 ring of dexterity (left hand)
Scrolls
 m - a scroll of enchant armour {unknown}
 n - 2 scrolls of immolation {unknown}
 p - a scroll of noise {unknown}
Potions
 b - 3 potions of magic
 d - a potion of degeneration {unknown}
 e - a potion of haste
 j - a potion of brilliance {unknown}
 l - a potion of ambrosia {unknown}


   Skills:
 + Level 2.1 Fighting
 - Level 1.7 Dodging
 - Level 1.4 Stealth
 + Level 3.1 Spellcasting
 + Level 4.0 Summonings
 * Level 2.1 Air Magic


You had one spell level left.
You knew the following spells:

 Your Spells              Type           Power      Damage    Failure   Level
a - Summon Small Mammal   Summ           68%        N/A       3%          1
b - Call Canine Familiar  Summ           17%        N/A       10%         3
c - Summon Lightning Spi  Summ/Air       13%        N/A       41%         4

Your spell library contained the following spells:

 Spells                   Type           Power      Damage    Failure   Level
 Call Imp                 Summ           17%        N/A       4%          2
 Poisonous Vapours        Pois/Air       12%        N/A       16%         2
 Summon Guardian Golem    Hex/Summ       10%        N/A       22%         3
 Ensorcelled Hibernation  Hex/Ice        4%         N/A       24%         2
 Spider Form              Tmut/Pois      2%         N/A       43%         3
 Corpse Rot               Necr/Pois/Air  5%         N/A       77%         4
 Anguish                  Hex/Necr       1%         N/A       85%         4


Dungeon Overview and Level Annotations

Branches:
Dungeon (3/15)

Altars:


Innate Abilities, Weirdness & Mutations

You are too large for most types of armour.
You have tough skin. (AC +1)


Message History

You thump the endoplasm!
You kill the endoplasm!
A nearby fungus withers and dies.
The endoplasm freezes you.
You are frozen.
You hit the endoplasm.
The endoplasm is severely wounded.
The endoplasm barely misses you.
Unknown command.
You thump the endoplasm!
You kill the endoplasm!
A nearby fungus withers and dies.
The endoplasm hits the toadstool. x2
The toadstool is destroyed!
The jelly hits you. The acid corrodes you!
You are splashed with acid!
The jelly hits you.
You are splashed with acid!
* * * LOW HITPOINT WARNING * * *
It was a potion of attraction.
You feel attractive to monsters. The endoplasm freezes you.
You are frozen.
* * * LOW HITPOINT WARNING * * *
The jelly barely misses you.
The endoplasm hits the fungus.
The fungus begins to die.
The jelly misses you.
The endoplasm hits the fungus.
The endoplasm quivers.
It was a potion of heal wounds.
You feel much better. The endoplasm freezes you.
You are frozen.
The endoplasm hits the fungus.
The jelly hits you. The acid corrodes you!
You are splashed with acid!
The jelly misses you.
Casting: Call Canine Familiar (dangerous; 10% risk of failure)
Confirm with . or Enter, or press ? or * to list all spells.
You miscast Call Canine Familiar.
You are very lightly contaminated with residual magic.
Nothing appears to happen.
The endoplasm freezes you.
You are frozen.
The jelly hits you.
You are splashed with acid!
* * * LOW HITPOINT WARNING * * *
The endoplasm hits the fungus.
The jelly hits you.
* * * LOW HITPOINT WARNING * * *
You are splashed with acid!
You die...

...... ..... .....
..... ....# !...#
######## ....#
##########@JJ...#
##.<###......##JPJJP..#
....##.......#.#JJ....#
....').......#)#÷÷PPP.#
##..)).......#.#..÷.÷.#
#..'......#'#.#÷P...P#
#..##.....#.#.#....÷.#
#.####....#.#.#P.PP..#
#.# #######.##....J(#


You could see 2 jellies and 5 endoplasms.

Vanquished Creatures
  2 worms (D:2)
  A dart slug (D:1)
  2 ball pythons (D:1)
  2 bats (D:1)
  4 endoplasms
  2 giant cockroaches (D:2)
  2 goblins
  2 hobgoblins (D:1)
  2 quokkas
  5 kobolds
24 creatures vanquished.

Vanquished Creatures (collateral kills)
  3 adders (D:2)
  3 bats
  4 endoplasms
  A giant cockroach (D:1)
  A hobgoblin (D:2)
  2 ball pythons
  2 frilled lizards
  A goblin (D:2)
  6 kobolds
  A rat (D:2)
24 creatures vanquished.

Vanquished Creatures (others)
  2 fungi (D:3)
  2 plants (D:3)
  A toadstool (D:3)
5 creatures vanquished.

Grand Total: 53 creatures vanquished

Notes
Turn   | Place    | Note
-------+----------+-------------------------------------------
     0 | D:1      | tizbic2 the Ogre Summoner began the quest for the Orb.
     0 | D:1      | Reached XP level 1. HP: 16/16 MP: 3/3
   604 | D:1      | Reached XP level 2. HP: 24/26 MP: 3/5
   776 | D:1      | Reached skill level 1 in Fighting
   776 | D:1      | Reached skill level 1 in Air Magic
  1287 | D:2      | Reached XP level 3. HP: 33/33 MP: 4/7
  1291 | D:2      | Learned a level 3 spell: Call Canine Familiar
  1846 | D:2      | Reached XP level 4. HP: 42/42 MP: 1/8
  1907 | D:2      | Learned a level 4 spell: Summon Lightning Spire
  1910 | D:2      | Found a faded altar of an unknown god.
  2184 | D:3      | Reached skill level 4 in Summonings
  2189 | D:3      | Splashed by a jelly's acid

Illustrated notes

Levels and vault maps discovered:
D:1:      scummos_arrival_simple_crosswalls, layout_basic, st_stairs_6,
          minmay_misc_feat_square, minmay_pentomino_x2
D:2:      layout_basic, chequers_ecumenical_altar_island
D:3:      cheibrodos_fertilizer, layout_basic, serial_bayou_lake_a, uniq_terence

Skill      XL: |  1  2  3  4 |
---------------+-------------+-----
Fighting       | 1 2 |  2.1
Air Magic      | 1 2 |  2.1
Spellcasting   | 3 |  3.1
Summonings     | 4 |  4.0
Dodging        | |  1.7
Stealth        | |  1.4

Action                   |  1- 3 |  4- 6 || total
-------------------------+-------+-------++-------
Melee: Dagger            |    28 |       ||    28
       Club              |    76 |    10 ||    86
       Punch             |     1 |       ||     1
       Flail             |       |    12 ||    12
 Cast: Summon Small Mamm |    41 |       ||    41
       Call Canine Famil |     2 |     3 ||     5
  Use: Scroll            |     4 |       ||     4
       Potion            |       |     2 ||     2
 Stab: Sleeping          |     1 |       ||     1
       Distracted        |       |     1 ||     1
Armor: Robe              |    46 |     9 ||    55
Dodge: Dodged            |    66 |    19 ||    85
